 Dungeon Crawl Stone Soup version 0.27-a0-423-gf312af23e9 (webtiles) character file.

Game seed: 16037229781739792472

52 siradein the Ruffian (level 3, 0/29 HPs)
             Began as a Ghoul Warper on Feb 27, 2021.
             Slain by a jackal (3 damage)
             ... on level 3 of the Dungeon.
             The game lasted 00:05:30 (2318 turns).

siradein the Ruffian (Ghoul Warper)                 Turns: 2318, Time: 00:05:30

Health: 0/29       AC:  6    Str: 15    XL:     3   Next: 85%
Magic:  4/4        EV:  9    Int:  8    God:
Gold:   92         SH:  0    Dex:  8    Spells: 5/5 levels left

rFire    . . .     SeeInvis .     - Unarmed
rCold    + . .     Faith    .   (no shield)
rNeg     + + +     Spirit   .   h - +0 scale mail
rPois    ∞         Reflect  .   (no helmet)
rElec    .         Harm     .   (no cloak)
rCorr    .         Rampage  .   (no gloves)
Will     .....                  (no boots)
Stlth    ..........             (no amulet)
HPRegen  0.00/turn              (no ring)
MPRegen  0.09/turn              (no ring)

@: no status effects
A: claws 1, cold resistance 1, negative energy resistance 3, inhibited
regeneration, torment resistance, unbreathing
a: no special abilities


You were on level 3 of the Dungeon.
You visited 1 branch of the dungeon, and saw 3 of its levels.

You collected 92 gold pieces.

Inventory:

Missiles
 d - 5 boomerangs of dispersal (quivered)
Armour
 h - a +0 scale mail (worn)
Jewellery
 a - a ring of flight
Scrolls
 c - 3 scrolls of blinking
 e - 2 scrolls of noise {unknown}
 g - a scroll of magic mapping {unknown}
 k - 2 scrolls of identify {unknown}
 l - a scroll of teleportation {unknown}
Potions
 b - 2 potions of degeneration {unknown}
 f - a potion of berserk rage {unknown}
 i - a potion of haste {unknown}
 j - a potion of curing {unknown}


   Skills:
 - Level 2.1 Fighting
 - Level 0.8 Throwing
 - Level 0.8 Armour
 - Level 1.7 Dodging
 + Level 4.4 Unarmed Combat
 - Level 1.7 Spellcasting
 - Level 2.6 Translocations


You had 5 spell levels left.
You didn't know any spells.
Your spell library contained the following spells:

 Spells                   Type           Power        Failure   Level
 Blink                    Tloc           N/A          58%         2
 Gell's Gravitas          Tloc           2%           83%         3
 Lesser Beckoning         Tloc           2%           83%         3
 Teleport Other           Tloc           5%           83%         3
 Manifold Assault         Tloc           5%           99%         4


Dungeon Overview and Level Annotations

Branches:
Dungeon (3/15)

Altars:
Dithmenos
Hepliaklqana
The Shining One


Innate Abilities, Weirdness & Mutations

You thrive by killing the living.
You are immune to poison.
You have sharp fingernails.
Your flesh is cold resistant. (rC+)
You are immune to negative energy. (rN+++)
You do not regenerate when monsters are visible.
You are immune to unholy pain and torment.
You can survive without breathing.


Message History

The jackal bites you but does no damage. x2
The jackal barely misses you.
You scratch the jackal but do no damage.
The jackal is heavily wounded.
The jackal bites you.
* * * LOW HITPOINT WARNING * * *
The jackal bites you but does no damage.
The jackal closely misses you.
The jackal bites you but does no damage. x2
The jackal bites you.
* * * LOW HITPOINT WARNING * * *
You closely miss the jackal.
The jackal is heavily wounded.
The jackal misses you.
The jackal bites you but does no damage.
The jackal closely misses you.
You scratch the jackal.
You kill the jackal!
The jackal closely misses you. The jackal barely misses you.
The jackal bites you but does no damage. x2
The jackal barely misses you. x2
You see here a jackal corpse.
The jackal closely misses you. The jackal bites you.
* * * LOW HITPOINT WARNING * * *
The jackal bites you.
* * * LOW HITPOINT WARNING * * *
The jackal bites you but does no damage.
Unknown command.
The jackal closely misses you. The jackal completely misses you.
You closely miss the jackal.
The jackal is moderately wounded.
The jackal misses you. The jackal barely misses you.
The jackal closely misses you.
You scratch the jackal but do no damage.
Your claw misses the jackal.
The jackal is moderately wounded.
The jackal bites you but does no damage.
The jackal bites you.
You die...

#....≈≈≈.# #....≈≈≈.#
#.†..≈≈≈.# #....≈≈≈.#
......# .# #....≈≈≈.#
......##.### #....≈≈≈.#
≈≈...........#....≈≈≈.#
≈≈≈≈.........#.hhP≈≈###
≈≈≈≈.........#..@.≈≈#
≈≈≈.......##.#....≈≈#
≈≈....#.#.##.#....≈≈##
≈.........##.#....≈≈≈≈
....).#.#..#.#....≈≈≈≈≈≈
...........#.#.....P....
.....###................
.....# #...#############
.....# #...#


You could see 2 jackals.

Vanquished Creatures
  A worm (D:2)
  2 dart slugs (D:1)
  3 leopard geckos
  A ball python (D:1)
  3 giant cockroaches (D:1)
  3 goblins
  7 hobgoblins
  6 jackals (D:3)
  A quokka (D:2)
  A bat (D:2)
  5 frilled lizards
  2 kobolds
  3 rats (D:1)
38 creatures vanquished.

Vanquished Creatures (others)
  2 bushes (D:1)
  8 plants
10 creatures vanquished.

Grand Total: 48 creatures vanquished

Notes
Turn   | Place    | Note
-------+----------+-------------------------------------------
     0 | D:1      | siradein the Ghoul Warper began the quest for the Orb.
     0 | D:1      | Reached XP level 1. HP: 17/17 MP: 2/2
   543 | D:1      | Reached skill level 3 in Unarmed Combat
   543 | D:1      | Reached XP level 2. HP: 24/24 MP: 3/3
  1225 | D:2      | Reached XP level 3. HP: 29/29 MP: 4/4
  1373 | D:2      | Found a glowing golden altar of the Shining One.
  1525 | D:2      | Found a hazy altar of Hepliaklqana.
  1654 | D:2      | Reached skill level 4 in Unarmed Combat
  1874 | D:2      | Found a shadowy altar of Dithmenos.
  2318 | D:3      | Slain by a jackal

Illustrated notes

Levels and vault maps discovered:
D:1:      dpeg_arrival_long_road, layout_basic, serial_forest,
          infiniplex_forest_clump_long, infiniplex_forest_clump_long,
          infiniplex_forest_clump_curved, infiniplex_forest_lined_1,
          kennysheep_decorative_pillar
D:2:      layout_basic, overflow_temple_1_default, nicolae_tso_carved_into_rock,
          lemuel_doored_altar, kennysheep_cross_bottleneck, minmay_puff
D:3:      lemuel_castle_with_subvaults [lemuel_castle_interior_carwin_1],
          layout_basic, old_standard_altar, nicolae_overflow_hidden_temple,
          nicolae_ashenzari_panopticon, serial_glass, glass_columns_a,
          glass_columns_a, lemuel_old_faithful, uniq_sigmund

Skill      XL: |  1  2  3 |
---------------+----------+-----
Unarmed Combat | 3 4 |  4.4
Fighting       | |  2.1
Throwing       | |  0.8
Armour         | |  0.8
Dodging        | |  1.7
Spellcasting   | |  1.7
Translocations | |  2.6

Action                   || total
-------------------------++-------
Melee: Unarmed           ||   134
       Punch             ||     1
Armor: Leather armour    ||     8
       Scale mail        ||    91
Dodge: Dodged            ||   101

Table legend: (Time is in decaauts)
 A = Elapsed time spent in this place.
 B = Non-inter-level travel time spent in this place.
 C = Inter-level travel time spent in this place.
 D = Time resting spent in this place.
 E = Time spent auto-exploring this place.
 F = Levels seen in this place.
 G = Mean time per level.
                   A        B        C        D        E       F      G
               +--------+--------+--------+--------+--------+-----+--------+
         Total |   2309 |   2244 |     65 |      0 |   1879 |   3 |  769.7 |
       Dungeon |   2309 |   2244 |     65 |      0 |   1879 |   3 |  769.7 |
               +--------+--------+--------+--------+--------+-----+--------+

Top non-repeatable levels by time:
     D:1: 1220 daAuts
     D:2: 884 daAuts
     D:3: 204 daAuts
